 Dungeon Crawl Stone Soup version 0.15.0-31-geb66e34 (webtiles) character file.

114 Rhoefr the Fey Formicid (level 5, 0/41 HPs)
             Began as a Formicid Death Knight on Sept 13, 2014.
             Was a Believer of Yredelemnul.
             Killed from afar by a white imp (9 damage)
             ... with a puff of frost
             ... summoned by hcnick's ghost
             ... on Level 3 of the Dungeon.
             The game lasted 00:13:56 (2093 turns).

Rhoefr the Fey Formicid (Formicid Death Knight)     Turns: 2093, Time: 00:13:57

HP   0/41        AC  5     Str 18      XL: 5   Next: 19%
MP  10/10        EV 11     Int 14      God: Yredelemnul [**....]
Gold 33          SH  0     Dex 10      Spells:  0 memorised,  4 levels left

rFire  + . .     SeeInvis +     a - +2 falchion
rCold  . . .     Clarity  .     o - +0 leather armour {rF+}
rNeg   . . .     rCorr    .     (no shield)
rPois  .         rRot     .     (helmet unavailable)
rElec  .         Spirit   .     (no cloak)
SustAb .         Warding  .     d - +0 pair of gloves
rMut   .         Stasis   +     k - +0 pair of boots
Gourm  .                        b - amulet of faith
MR     .....                    (no ring)
                                f - +3 ring of intelligence

@: not resistant to hostile enchantments, very unstealthy
A: permanent stasis, dig shafts and tunnels, four strong arms, antennae 3
a: Dig, Shaft Self, Animate Remains, Recall Undead Slaves, Injury Mirror,
Renounce Religion


You were on level 3 of the Dungeon.
You worshipped Yredelemnul.
Yredelemnul was pleased with you.
You were not hungry.

You visited 1 branch of the dungeon, and saw 3 of its levels.

You collected 33 gold pieces.

Inventory:

Hand weapons
 a - a +2 falchion (weapon)
Armour
 d - a +0 pair of gloves (worn)
 k - a +0 pair of boots (worn)
 o - a +0 leather armour of fire resistance (worn)
Magical devices
 n - a wand of confusion (4)
Scrolls
 e - 2 scrolls of enchant weapon
 l - a scroll of remove curse
 p - a scroll of identify
Jewellery
 b - an amulet of faith (around neck)
 f - a +3 ring of intelligence (left hand)
Potions
 g - 2 potions of confusion {unknown}
 h - 2 potions of curing
 i - a potion of flight {unknown}
 j - a potion of cure mutation {unknown}


   Skills:
 + Level 3.2 Fighting
 + Level 3.1 Long Blades
 - Level 2.0 Armour
 - Level 2.1 Dodging
 + Level 3.7 Invocations


You had 4 spell levels left.
You didn't know any spells.

Dungeon Overview and Level Annotations

Branches:
Dungeon (3/15)

Altars:

Annotations:
D:3 hcnick's ghost, average OpWz


Innate Abilities, Weirdness & Mutations

Your are under a permanent stasis effect.
You can dig through walls and to a lower floor.
Your four strong arms can wield two-handed weapons with a shield.
You have a pair of large antennae on your head (SInv).


Message History

Hcnick's ghost closely misses you.
The crimson imp hits you but does no damage.
Hcnick's ghost mumbles some strange words.
The crimson imp blinks!
All of the chunks of flesh in your inventory have rotted away.
Hcnick's ghost mumbles some strange words.
Hcnick's ghost says, "I was going to become a lich, but this is almost as good."
Hcnick's ghost gestures wildly while chanting.
The crimson imp blinks!
The white imp gestures at you. The puff of frost hits you!
Hcnick's ghost points at you and mumbles some strange words.
The magic dart hits you!
* * * LOW HITPOINT WARNING * * *
The white imp grins evilly.
The crimson imp disappears in a puff of smoke!
The white imp gestures at you. The puff of frost hits you!
You die...
Your body rises from the dead as a mindless zombie.

### ... #.# {
#.### #.... #####
#.##. #...#
#.#####.##. #.#.#
#.......... #@#.#
#####...... #.#.#
#..<....##.
#.#.####.####..##.
#.#............#..
#.######.##.......
#.# #.##.##.#..
#5#### #.... ..###
#..).# #.......#
###...####(.. .##


You could see a white imp.

Vanquished Creatures
  An iron imp (D:3)
  5 adders (D:2)
  A worm (D:2)
  3 giant geckos
  4 goblins
  4 hobgoblins
  7 kobolds
  A quokka (D:2)
  8 bats
  A giant cockroach (D:1)
  7 rats
42 creatures vanquished.

Vanquished Creatures (collateral kills)
  2 adders (D:2)
  A worm (D:2)
  A ball python (D:2)
  A bat (D:1)
  2 goblins
  A hobgoblin (D:2)
  A giant cockroach (D:1)
  4 rats
13 creatures vanquished.

Vanquished Creatures (others)
  3 bat zombies
  A goblin zombie (D:1)
  2 hobgoblin zombies
  2 kobold zombies (D:3)
8 creatures vanquished.

Grand Total: 63 creatures vanquished

Notes
Turn   | Place    | Note
--------------------------------------------------------------
     0 | D:1      | Rhoefr, the Formicid Death Knight, began the quest for the Orb.
     0 | D:1      | Reached XP level 1. HP: 16/16 MP: 2/2
    59 | D:1      | Reached skill level 1 in Dodging
   242 | D:1      | Reached XP level 2. HP: 23/23 MP: 2/5
   569 | D:1      | Reached XP level 3. HP: 28/28 MP: 6/6
   978 | D:2      | Acquired Yredelemnul's second power
  1014 | D:2      | Reached XP level 4. HP: 30/35 MP: 8/8
  1533 | D:2      | Reached XP level 5. HP: 41/41 MP: 10/10
  2047 | D:3      | Noticed hcnick's ghost (average OpWz)
  2093 | D:3      | Killed from afar by a white imp

Action                   |  1- 3 |  4- 6 || total
-------------------------+-------+-------++-------
Melee: Falchion          |    81 |    58 ||   139
Invok: Animate Remains   |     8 |     4 ||    12
  Use: Scroll            |     3 |     2 ||     5
 Stab: Distracted        |       |     1 ||     1
  Eat: Chunk             |       |     3 ||     3
       Bread ration      |       |     1 ||     1
